BSA
KENILWORTH ACES @ KALAMAZOO ROYALE WITH CHEESE
08/13/2029
 
TOP OF THE 1ST
Kenilworth Aces batting - Pitching for Kalamazoo Royale with Cheese : RHP Oscar Wheeler
Pitching: RHP Oscar Wheeler
Batting: RHB Jorge Jiménez 0-0: Called Strike
0-1: Foul Ball, location: 2F
0-2: Strikes out swinging
Batting: LHB Roy Patrick 0-0: Swinging Strike
0-1: Called Strike
0-2: Strikes out swinging
Batting: LHB Barrett Waters 0-0: Ball
1-0: Foul Ball, location: 2F
1-1: Ball
2-1: Called Strike
2-2: Foul Ball, location: 2F
2-2: SINGLE (Line Drive, 8RS)
Batting: LHB Roberto García 0-0: Ball
Barrett Waters steals 2nd base
1-0: Ball
2-0: Called Strike
2-1: Foul Ball, location: 2F
2-2: Foul Ball, location: 2F
2-2: Reached on error, E3 (Groundball, 34S)
Barrett Waters to third
Batting: RHB Andrés Lara 0-0: SINGLE (Groundball, 6MD)
Barrett Waters scores
Roberto García to second
Runner from 2nd tries for 3rd, SAFE, no throw
Batting: LHB Jim Jensen 0-0: Fly out, F7 (Flyball, 78S)
Top of the 1st over - 1 run, 2 hits, 1 error, 2 left on base; Kenilworth 1 - Kalamazoo 0
BOTTOM OF THE 1ST
Kalamazoo Royale with Cheese batting - Pitching for Kenilworth Aces : RHP Erwin Entwistle
Pitching: RHP Erwin Entwistle
Batting: LHB Javier Espinoza 0-0: Foul Ball, location: 2F
0-1: Foul Ball, location: 2F
0-2: Ball
1-2: SINGLE (Groundball, 56D)
Batting: SHB Caden Keith 0-0: Ball
1-0: Fly out, F8 (Flyball, 8LD)
Batting: LHB Vincente Sáenz 0-0: Ball
1-0: Called Strike
1-1: Swinging Strike
1-2: Ball
2-2: Ball
3-2: Fielders Choice at 2nd, 3-6 (Groundball, 34)
Batting: LHB Roberto Sandoval 0-0: Ball
1-0: Ball
2-0: Called Strike
2-1: Ball
3-1: Foul Ball, location: 2F
3-2: Foul Ball, location: 2F
3-2: Base on Balls
Vincente Sáenz to second
Batting: LHB Francisco Calderón 0-0: Ball
1-0: Ball
2-0: Ball
3-0: Called Strike
3-1: Base on Balls
Vincente Sáenz to third
Roberto Sandoval to second
Batting: LHB Bill McJannett 0-0: Called Strike
0-1: GRAND SLAM HOME RUN (Flyball, 8LXD), Distance : 438 ft
Batting: LHB Ron Robinson 0-0: DOUBLE (Line Drive, 8RXD)
Batting: LHB Keith Tillman 0-0: Ball
1-0: Ball
2-0: Called Strike
2-1: SINGLE (Line Drive, 8RS)
Ron Robinson to third
Runner from 3rd tries for Home, throw and OUT!
Bottom of the 1st over - 4 runs, 4 hits, 0 errors, 1 left on base; Kenilworth 1 - Kalamazoo 4
TOP OF THE 2ND
Kenilworth Aces batting - Pitching for Kalamazoo Royale with Cheese : RHP Oscar Wheeler
Batting: RHB Wilbert Rodgers 0-0: Ball
1-0: Ball
2-0: Foul Ball, location: 2F
2-1: Ground out 6-3 (Groundball, 6MS)
Batting: RHB Hollis Wood 0-0: Called Strike
0-1: Swinging Strike
0-2: Foul Ball, location: 2F
0-2: Ball
1-2: Ball
2-2: Foul Ball, location: 2F
2-2: Ball
3-2: SINGLE (Groundball, 6MD)
Batting: RHB Taylor McFarland 0-0: Ball
1-0: Called Strike
1-1: Grounds into double play, 4-6-3 (Groundball, 34)
Top of the 2nd over - 0 runs, 1 hit, 0 errors, 0 left on base; Kenilworth 1 - Kalamazoo 4
BOTTOM OF THE 2ND
Kalamazoo Royale with Cheese batting - Pitching for Kenilworth Aces : RHP Erwin Entwistle
Batting: LHB Jorge Torres 0-0: Foul Ball, location: 2F
0-1: SOLO HOME RUN (Flyball, 9D), Distance : 374 ft
Batting: LHB Javier Espinoza 0-0: Ball
1-0: Ball
2-0: Called Strike
2-1: Fly out, F9 (Flyball, 89D)
Batting: SHB Caden Keith 0-0: Fly out, F7 (Flyball, 7LSF)
Batting: LHB Vincente Sáenz 0-0: Ball
1-0: Foul Ball, location: 2F
1-1: Reached on error, E4 (Groundball, 4D)
Batting: LHB Roberto Sandoval 0-0: Called Strike
0-1: Ball
1-1: Ground out 4-3 (Groundball, 4)
Bottom of the 2nd over - 1 run, 1 hit, 1 error, 1 left on base; Kenilworth 1 - Kalamazoo 5
TOP OF THE 3RD
Kenilworth Aces batting - Pitching for Kalamazoo Royale with Cheese : RHP Oscar Wheeler
Batting: RHB Jorge Jiménez 0-0: Called Strike
0-1: Ground out 4-3 (Groundball, 4MS)
Batting: LHB Roy Patrick 0-0: Called Strike
0-1: Foul Ball, location: 2F
0-2: Strikes out swinging
Batting: LHB Barrett Waters 0-0: Foul Ball, location: 2F
0-1: Ball
1-1: Called Strike
1-2: Foul Ball, location: 2F
1-2: Ground out 4-3 (Groundball, 4M)
Top of the 3rd over - 0 runs, 0 hits, 0 errors, 0 left on base; Kenilworth 1 - Kalamazoo 5
BOTTOM OF THE 3RD
Kalamazoo Royale with Cheese batting - Pitching for Kenilworth Aces : RHP Erwin Entwistle
Batting: LHB Francisco Calderón 0-0: Ball
1-0: Foul Ball, location: 2F
1-1: Foul Ball, location: 2F
1-2: Foul Ball, location: 2F
1-2: Foul Ball, location: 2F
1-2: Ground out 4-3 (Groundball, 4)
Batting: LHB Bill McJannett 0-0: Ball
1-0: Called Strike
1-1: Ball
2-1: Ball
3-1: Base on Balls
Batting: LHB Ron Robinson 0-0: Called Strike
0-1: Ball
1-1: Foul Ball, location: 2F
1-2: Foul Ball, location: 2F
1-2: Strikes out swinging
Batting: LHB Keith Tillman 0-0: Ball
Bill McJannett steals 2nd base
1-0: Foul Ball, location: 2F
1-1: Fly out, F9 (Line Drive, 9D)
Bottom of the 3rd over - 0 runs, 0 hits, 0 errors, 1 left on base; Kenilworth 1 - Kalamazoo 5
TOP OF THE 4TH
Kenilworth Aces batting - Pitching for Kalamazoo Royale with Cheese : RHP Oscar Wheeler
Batting: LHB Roberto García 0-0: Ball
1-0: Foul Ball, location: 2F
1-1: Foul Ball, location: 2F
1-2: Foul Ball, location: 2F
1-2: Foul Ball, location: 2F
1-2: Ball
2-2: Ground out U3 (Groundball, 34)
Batting: RHB Andrés Lara 0-0: Ground out 4-3 (Groundball, 4MS)
Batting: LHB Jim Jensen 0-0: Foul Ball, location: 2F
0-1: Ball
1-1: Called Strike
1-2: Ball
2-2: SINGLE (Groundball, 56S) (infield hit)
Batting: RHB Wilbert Rodgers 0-0: Fly out, F7 (Flyball, 7S)
Top of the 4th over - 0 runs, 1 hit, 0 errors, 1 left on base; Kenilworth 1 - Kalamazoo 5
BOTTOM OF THE 4TH
Kalamazoo Royale with Cheese batting - Pitching for Kenilworth Aces : RHP Erwin Entwistle
Batting: LHB Jorge Torres 0-0: Ball
1-0: Ball
2-0: Foul Ball, location: 2F
2-1: Ground out 4-3 (Groundball, 4)
Batting: LHB Javier Espinoza 0-0: Ball
1-0: Ball
2-0: Fly out, F8 (Flyball, 8RM)
Batting: SHB Caden Keith 0-0: Ball
1-0: Fly out, F5 (Popup, 5SF)
Bottom of the 4th over - 0 runs, 0 hits, 0 errors, 0 left on base; Kenilworth 1 - Kalamazoo 5
TOP OF THE 5TH
Kenilworth Aces batting - Pitching for Kalamazoo Royale with Cheese : RHP Oscar Wheeler
Batting: RHB Hollis Wood 0-0: DOUBLE (Line Drive, 7LS)
Batting: RHB Taylor McFarland 0-0: Ball
1-0: Fly out, F7 (Flyball, 7)
Batting: RHB Jorge Jiménez 0-0: Foul Ball, location: 2F
0-1: Ball
1-1: Ball
2-1: Ball
3-1: SINGLE (Groundball, 34S) (infield hit)
Hollis Wood to third
Batting: LHB Roy Patrick 0-0: Ball
1-0: Foul Ball, location: 2F
1-1: Swinging Strike
1-2: Foul Ball, location: 2F
1-2: Foul Ball, location: 2F
1-2: Strikes out swinging
Jorge Jiménez steals 2nd base
Batter strikes out.
Batting: LHB Barrett Waters 0-0: Ball
1-0: Called Strike
1-1: Ground out 4-3 (Groundball, 4D)
Top of the 5th over - 0 runs, 2 hits, 0 errors, 2 left on base; Kenilworth 1 - Kalamazoo 5
BOTTOM OF THE 5TH
Kalamazoo Royale with Cheese batting - Pitching for Kenilworth Aces : RHP Erwin Entwistle
Batting: LHB Vincente Sáenz 0-0: Ball
1-0: Foul Ball, location: 2F
1-1: Swinging Strike
1-2: Foul Ball, location: 2F
1-2: Strikes out looking
Batting: LHB Roberto Sandoval 0-0: Ball
1-0: Called Strike
1-1: Called Strike
1-2: Strikes out looking
Batting: LHB Francisco Calderón 0-0: Called Strike
0-1: Called Strike
0-2: Fly out, F8 (Flyball, 8LD)
Bottom of the 5th over - 0 runs, 0 hits, 0 errors, 0 left on base; Kenilworth 1 - Kalamazoo 5
TOP OF THE 6TH
Kenilworth Aces batting - Pitching for Kalamazoo Royale with Cheese : RHP Oscar Wheeler
Batting: LHB Roberto García 0-0: Ball
1-0: Foul Ball, location: 2F
1-1: Foul Ball, location: 2F
1-2: DOUBLE (Line Drive, 9LM)
Batting: RHB Andrés Lara 0-0: Ball
1-0: Ball
2-0: Fly out, F8 (Line Drive, 8LM)
Batting: LHB Jim Jensen 0-0: Called Strike
0-1: Ball
1-1: Foul Ball, location: 2F
1-2: Ground out 4-3 (Groundball, 4)
Roberto García to third
Batting: RHB Wilbert Rodgers 0-0: Ball
1-0: SINGLE (Groundball, 6MD)
Roberto García scores
Batting: RHB Hollis Wood 0-0: Ground out U3 (Groundball, 34S)
Top of the 6th over - 1 run, 2 hits, 0 errors, 1 left on base; Kenilworth 2 - Kalamazoo 5
BOTTOM OF THE 6TH
Kalamazoo Royale with Cheese batting - Pitching for Kenilworth Aces : RHP Erwin Entwistle
Batting: LHB Bill McJannett 0-0: Called Strike
0-1: Ball
1-1: Swinging Strike
1-2: Ball
2-2: Strikes out swinging
Batting: LHB Ron Robinson 0-0: SINGLE (Groundball, 6MD)
Batting: LHB Keith Tillman 0-0: Fly out, F8 (Flyball, 8RS)
Batting: LHB Jorge Torres 0-0: Swinging Strike
0-1: Called Strike
0-2: Foul Ball, location: 2F
0-2: Ball
1-2: Foul Ball, location: 2F
1-2: Ball
2-2: Foul Ball, location: 2F
2-2: Foul Ball, location: 2F
2-2: Ball
3-2: Fly out, F8 (Flyball, 8RM)
Bottom of the 6th over - 0 runs, 1 hit, 0 errors, 1 left on base; Kenilworth 2 - Kalamazoo 5
TOP OF THE 7TH
Kenilworth Aces batting - Pitching for Kalamazoo Royale with Cheese : RHP Oscar Wheeler
Batting: RHB Taylor McFarland 0-0: Called Strike
0-1: Reached via error on a dropped throw, E3
Pitching: RHP Armen Boyajian
Batting: RHB Jorge Jiménez 0-0: Foul Ball, location: 2F
0-1: Ball
1-1: Ball
2-1: Foul Ball, location: 2F
2-2: Strikes out swinging
Pitching: LHP Carlos Thomas
Batting: LHB Roy Patrick 0-0: Ball
1-0: Called Strike
1-1: Ball
2-1: SINGLE (Groundball, 4MD)
Taylor McFarland to second
Runner from 2nd tries for 3rd, SAFE, no throw
Batting: LHB Barrett Waters 0-0: Ball
1-0: Fly out, F8 (Flyball, 8LS)
Runner from 3rd tags up, SCORES, no throw
Batting: LHB Roberto García 0-0: Ball
1-0: Called Strike
Roy Patrick steals 2nd base
1-1: Foul Ball, location: 2F
1-2: Foul Ball, location: 2F
1-2: Ground out 4-3 (Groundball, 34D)
Top of the 7th over - 1 run, 1 hit, 1 error, 1 left on base; Kenilworth 3 - Kalamazoo 5
BOTTOM OF THE 7TH
Kalamazoo Royale with Cheese batting - Pitching for Kenilworth Aces : RHP Erwin Entwistle
Pitching: RHP Scot MacIntosh
Batting: LHB Javier Espinoza 0-0: Called Strike
0-1: Ball
1-1: Swinging Strike
1-2: Strikes out swinging
Batting: SHB Caden Keith 0-0: Ground out 6-3 (Groundball, 56)
Batting: LHB Vincente Sáenz 0-0: Called Strike
0-1: Ball
1-1: Ball
2-1: Foul Ball, location: 2F
2-2: Ball
3-2: Base on Balls
Batting: LHB Roberto Sandoval 0-0: Called Strike
0-1: Ball
1-1: Fly out, F8 (Flyball, 8RD)
Bottom of the 7th over - 0 runs, 0 hits, 0 errors, 1 left on base; Kenilworth 3 - Kalamazoo 5
TOP OF THE 8TH
Kenilworth Aces batting - Pitching for Kalamazoo Royale with Cheese : LHP Carlos Thomas
Pitching: RHP Roberto Ledesma
Batting: RHB Andrés Lara 0-0: Ball
1-0: Called Strike
1-1: Ground out 6-3 (Groundball, 6)
Pitching: LHP Manuel Herrera
Batting: LHB Jim Jensen 0-0: Ball
1-0: Fly out, F9 (Flyball, 89S)
Pitching: RHP Rikiya Sakurai
Batting: RHB Wilbert Rodgers 0-0: Fly out, F7 (Flyball, 7S)
Top of the 8th over - 0 runs, 0 hits, 0 errors, 0 left on base; Kenilworth 3 - Kalamazoo 5
BOTTOM OF THE 8TH
Kalamazoo Royale with Cheese batting - Pitching for Kenilworth Aces : RHP Scot MacIntosh
Batting: LHB Francisco Calderón 0-0: Ball
1-0: Called Strike
1-1: Ball
2-1: Swinging Strike
2-2: Strikes out looking
Batting: LHB Bill McJannett 0-0: Called Strike
0-1: Foul Ball, location: 2F
0-2: Strikes out swinging, 2-3 out at first.
Batting: LHB Ron Robinson 0-0: Called Strike
0-1: Foul Ball, location: 2F
0-2: Strikes out swinging
Bottom of the 8th over - 0 runs, 0 hits, 0 errors, 0 left on base; Kenilworth 3 - Kalamazoo 5
TOP OF THE 9TH
Kenilworth Aces batting - Pitching for Kalamazoo Royale with Cheese : RHP Rikiya Sakurai
Batting: RHB Hollis Wood 0-0: Ball
1-0: Foul Ball, location: 2F
1-1: Swinging Strike
1-2: Ball
2-2: Ground out 1-3 (Groundball, 13S)
Batting: RHB Taylor McFarland 0-0: Ball
1-0: Ball
2-0: Ground out U3 (Groundball, 34)
Batting: RHB Jorge Jiménez 0-0: Ball
1-0: Called Strike
1-1: Ball
2-1: Ball
3-1: Base on Balls
Batting: LHB Roy Patrick 0-0: Ball
1-0: Ball
2-0: Called Strike
2-1: Foul Ball, location: 2F
2-2: Ball
3-2: 2-RUN HOME RUN (Flyball, 9D), Distance : 366 ft
Batting: LHB Barrett Waters 0-0: Ball
1-0: Ball
2-0: SINGLE (Groundball, 4MD)
Batting: LHB Roberto García 0-0: Called Strike
0-1: Ball
1-1: Foul Ball, location: 2F
1-2: Ground out U3 (Groundball, 34)
Top of the 9th over - 2 runs, 2 hits, 0 errors, 1 left on base; Kenilworth 5 - Kalamazoo 5
BOTTOM OF THE 9TH
Kalamazoo Royale with Cheese batting - Pitching for Kenilworth Aces : RHP Scot MacIntosh
Pitching: RHP Robinson Gonzáles
Batting: LHB Keith Tillman 0-0: Called Strike
0-1: Ball
1-1: Ball
2-1: Ground out 4-3 (Groundball, 34)
Batting: LHB Jorge Torres 0-0: SOLO HOME RUN (Flyball, 9D), Distance : 371 ft
Saturday, December 16th, 2017 - OOTP Baseball 18.8 Build 76